AoeStats
← roraven1510

Arabia

510616227Analyzed
2v2 RM · 16h ago on Oct 1, 2026· 45m 10s· 4 players
Game mode
Random Map
Map size
Medium (4 player)
Population
200
Speed
Normal
Resources
Standard
Victory
Conquest
Starting age
Dark Age
Ending age
Imperial Age
RankedLock teamsTeams togetherTeam positionsShared explorationLock speedFull tech treeHidden civsTurbo modeCheats
Victory
Defeat
🇩🇪 Byzantines · Germany
1090
+14
🇺🇸 Saracens · United States
1088
+15
🇪🇸 Franks · Spain
1139
-18
🇪🇸 Franks · Spain
976
-11
claran33
11:05 Feudal Age
9:55 Loom
15:00 Double-Bit Axe
18:45 Castle Age
19:49 Scale Barding Armor
21:16 Forging
21:38 Bow Saw
22:09 Wheelbarrow
22:03 Gold Mining
23:51 Stone Mining
23:44 Pikeman
28:20 Gold Shaft Mining
29:24 Scale Mail Armor
31:08 Chain Mail Armor
31:14 Chain Barding Armor
32:44 Iron Casting
kugat
6:55 Loom
9:18 Feudal Age
9:53 Double-Bit Axe
11:32 Scale Barding Armor
16:39 Wheelbarrow
19:55 Castle Age
18:40 Town Watch
19:15 Forging
20:37 Husbandry
21:00 Chain Barding Armor
26:29 Iron Casting
31:42 Hand Cart
31:29 Town Patrol
32:16 Gold Mining
37:58 Imperial Age
38:08 Cavalier
39:38 Plate Barding Armor
40:15 Blast Furnace
cheechi chong
9:17 Loom
11:09 Feudal Age
17:53 Castle Age
16:21 Horse Collar
16:28 Double-Bit Axe
18:13 Forging
24:12 Wheelbarrow
23:40 Heavy Plow
23:54 Husbandry
23:57 Gold Mining
26:47 Scale Barding Armor
27:22 Hand Cart
28:23 Chain Barding Armor
29:09 Stone Mining
32:39 Iron Casting
31:55 Fletching
41:04 Imperial Age
38:47 Bodkin Arrow
41:43 Greek Fire
41:15 Heavy Camel Rider
41:17 Cavalier
43:30 Crop Rotation
roraven1510
4:09 Loom
10:01 Feudal Age
13:15 Fletching
19:22 Padded Archer Armor
24:05 Castle Age
22:48 Gold Mining
24:45 Bodkin Arrow
25:35 Leather Archer Armor
24:44 Crossbowman
29:51 Ballistics
30:30 Double-Bit Axe
31:46 Stone Mining
32:39 Wheelbarrow
34:18 Bow Saw
35:34 Sanctity
38:44 Imperial Age
37:32 Gold Shaft Mining
39:14 Hand Cart
39:04 Arbalester
42:26 Bracer
42:57 Ring Archer Armor
43:42 Horse Collar
45:36 Chemistry
Connection lost

Rejoining the realm…

Still unreachable

The connection could not be restored.

Session expired

The server has moved on; the page needs a fresh start.